 Dungeon Crawl Stone Soup version 0.20-a0-795-ga03948b (webtiles) character file.

3326 SilenceOfTheYaks the Cleaver (level 9, 0/94 HPs)
             Began as a Demonspawn Berserker on Mar 1, 2017.
             Was an Elder of Trog.
             Slain by an orc warrior
             ... wielding a +1 glaive of venom
              (20 damage)
             ... on level 6 of the Dungeon.
             The game lasted 00:15:32 (7163 turns).

SilenceOfTheYaks the Cleaver (Demonspawn Berserker) Turns: 7163, Time: 00:15:33

Health: 0/94       AC:  9    Str: 20    XL:     9   Next: 71%
Magic:  9/9        EV:  9    Int: 11    God:    Trog [****..]
Gold:   335        SH:  0    Dex: 12    Spells: 8/8 levels left

rFire    + . .     SeeInvis .   a - +0 hand axe
rCold    . . .     Gourm    .   h - +0 chain mail "Ohof" {+Fly rPois rCorr Str-4} (curse)
rNeg     . . .     Faith    .   (no shield)
rPois    +         Spirit   .   e - +0 helmet
rElec    .         Reflect  .   (no cloak)
rCorr    +         Harm     .   (no gloves)
MR       .....                  (no boots)
Stlth    ..........             z - amulet of rage
Regen    2.3/turn               u - ring of protection from fire
MPRegen  0.2/turn               y - ring of stealth

@: berserking, lethally poisoned (0 -> 0), very quick
A: hooves 2, powered by death 2, sturdy frame 1
a: Berserk, Trog's Hand, Brothers in Arms, Burn Spellbooks, Renounce Religion,
Evoke Berserk Rage, Evoke Flight


You were on level 6 of the Dungeon.
You worshipped Trog.
Trog was greatly pleased with you.
You were hungry.

You visited 1 branch of the dungeon, and saw 6 of its levels.

You collected 335 gold pieces.

Inventory:

Hand Weapons
 a - a +0 hand axe (weapon)
Armour
 b - a +0 animal skin
 e - a +0 helmet (worn)
 h - the cursed +0 chain mail "Ohof" (worn) {+Fly rPois rCorr Str-4}
   (You found it on level 6 of the Dungeon)

   It affects your strength (-4).
   It protects you from poison.
   It lets you fly.
   It protects you from acid and corrosion.
   It has a curse placed upon it.
 p - a +0 ring mail
 w - a +0 chain mail
Jewellery
 q - an uncursed ring of teleportation
 u - a ring of protection from fire (right hand)
 x - an uncursed ring of magical power
 y - a ring of stealth (left hand)
 z - an amulet of rage (around neck)
Wands
 v - a wand of paralysis (18/24)
Scrolls
 g - a scroll of amnesia
 i - 5 scrolls of identify
 j - 2 scrolls of fog
 r - 2 scrolls of teleportation
 s - a scroll of enchant armour {unknown}
 t - 6 scrolls of remove curse
 B - a scroll of random uselessness {unknown}
Potions
 d - a potion of invisibility {unknown}
 f - a potion of brilliance {unknown}
 l - a potion of resistance {unknown}
 m - a potion of cancellation {unknown}
 n - 5 potions of curing {unknown}
 o - a potion of ambrosia {unknown}
Books
 A - a book of Conjurations

   Spells                             Type                      Level
   a - Magic Dart                     Conjuration                  1
   b - Searing Ray                    Conjuration                  2
   c - Dazzling Spray                 Conjuration/Hexes            3
   d - Fulminant Prism                Conjuration/Hexes            4
   e - Force Lance                    Conjuration/Translocation    4
   f - Iskenderun's Mystic Blast      Conjuration                  4
   Trog disapproves of the use of such an item.
Comestibles
 c - a bread ration
 k - 4 royal jellies
 C - a chunk of flesh


   Skills:
 - Level 3.0 Fighting
 + Level 12.6 Axes
 - Level 1.7 Armour
 - Level 1.7 Dodging


You had 8 spell levels left.
You didn't know any spells.

Dungeon Overview and Level Annotations

Branches:
Dungeon (6/15)
 Temple: D:4-7

Altars:
Ashenzari
Dithmenos
Fedhas
Gozag
Hepliaklqana
Nemelex Xobeh
Trog
Vehumet
Xom
Zin


Innate Abilities, Weirdness & Mutations

You have hoof-like feet.
You regenerate health from kills.
Your movements are slightly less encumbered by armour. (ER -2)


Message History

You feel sick.
You slash the orc warrior! Your kick misses the orc warrior.
The orc warrior is almost dead.
The orc warrior closely misses you.
You hit the orc warrior but do no damage.
You kick the orc warrior, but do no damage.
The orc warrior is almost dead.
You hit the orc warrior but do no damage.
You kick the orc warrior, but do no damage.
The orc warrior is almost dead.
You feel sick. The orc warrior barely misses you.
Your chain mail "Ohof" prevents you from hitting the orc warrior.
The orc warrior is almost dead.
You hit the orc warrior.
The orc warrior is almost dead.
You closely miss the orc warrior. Your kick misses the orc warrior.
The orc warrior is almost dead.
You feel sick.
The orc warrior hits you with a glaive of venom!!
You die...

.....................()..........
.................................
..≈≈.≈.≈≈.≈≈..≈≈..≈≈≈.≈...).≈≈≈.≈
≈≈≈≈≈≈≈≈≈≈≈≈≈≈≈≈≈≈≈≈≈≈≈≈.....≈≈≈≈
≈≈≈≈≈≈≈≈≈≈≈≈≈≈≈≈≈≈≈≈≈≈≈≈.....≈≈≈≈
≈≈≈≈≈≈≈≈≈≈≈≈≈≈≈≈≈≈≈≈≈≈≈≈....≈≈≈≈≈
#########################''######
##.....#)†.....#((..#
##......'@o.....#))).#
#......(#########....#####
#.........)....#...)..#...
+..(......)....'.[....'...
#.........))...#......#...
#.......#########....#####
##......'.).....#....#
##.....#.......#....#
####################


You could see an orc warrior.

Vanquished Creatures
  A two-headed ogre (D:4)
  Pikel (D:6)
  Grinder (D:6)
  Sigmund (D:2)
  Eustachio (D:5)
  An orc warrior (D:6)
  An ice beast (D:5)
  A sky beast (D:5)
  2 phantoms
  An ogre (D:4)
  A centaur (D:6)
  Blork the orc (D:6)
  A bullfrog (D:6)
  2 scorpions (D:6)
  2 electric eels (D:6)
  3 crimson imps
  5 orc priests
  A hound (D:5)
  3 orc wizards
  Natasha (thrice) (D:2)
  2 bullfrog skeletons
  3 worker ants
  A worker ant zombie (D:5)
  A gnoll (D:6)
  A howler monkey skeleton (D:5)
  8 adders
  A shadow imp (D:5)
  2 oozes
  4 worms
  2 dart slugs
  4 leopard geckos
  13 orcs
  A ball python (D:6)
  7 giant cockroaches
  17 goblins
  21 hobgoblins
  11 jackals
  4 quokkas
  10 bats
  3 frilled lizards
  11 kobolds
  A quokka zombie (D:6)
  4 rats
165 creatures vanquished.

Vanquished Creatures (others)
  A slave (D:6)
  An adder (D:6)
  A leopard gecko (D:6)
  An orc (D:6)
  A goblin (D:6)
5 creatures vanquished.

Grand Total: 170 creatures vanquished

Notes
Turn   | Place    | Note
-------+----------+-------------------------------------------
     0 | D:1      | SilenceOfTheYaks the Demonspawn Berserker began the quest for the Orb.
     0 | D:1      | Reached XP level 1. HP: 18/18 MP: 1/1
    34 | D:1      | Reached skill level 3 in Axes
    62 | D:1      | Gained mutation: You have large cloven feet. [demonic ancestry]
    62 | D:1      | Reached XP level 2. HP: 15/24 MP: 2/2
   755 | D:2      | Reached ** piety under Trog
   755 | D:2      | Reached XP level 3. HP: 26/29 MP: 3/3
   798 | D:2      | Reached skill level 4 in Axes
  1366 | D:2      | Found a faded altar of an unknown god.
  1545 | D:2      | Gained mutation: Your movements are slightly less encumbered by armour. (ER -2) [demonic ancestry]
  1545 | D:2      | Reached XP level 4. HP: 35/35 MP: 4/4
  1564 | D:2      | Noticed Natasha
  1564 | D:2      | Noticed Sigmund
  1575 | D:2      | Killed Natasha
  1583 | D:2      | Killed Sigmund
  1583 | D:2      | Reached skill level 6 in Axes
  1583 | D:2      | Gained mutation: You regenerate a little health from kills. [demonic ancestry]
  1583 | D:2      | Reached XP level 5. HP: 18/41 MP: 5/5
  1767 | D:2      | Noticed Natasha
  1776 | D:2      | Killed Natasha
  1776 | D:2      | Reached XP level 6. HP: 39/47 MP: 6/6
  1806 | D:2      | Noticed Natasha
  1814 | D:2      | Killed Natasha
  2126 | D:2      | Reached *** piety under Trog
  2532 | D:3      | Found a bloodstained altar of Trog.
  2532 | D:3      | Found a blossoming altar of Fedhas.
  2532 | D:3      | Found a sparkling altar of Nemelex Xobeh.
  2533 | D:3      | Found an opulent altar of Gozag.
  2691 | D:3      | Found a hazy altar of Hepliaklqana.
  2800 | D:3      | Found a shimmering altar of Xom.
  2810 | D:3      | Found a shadowy altar of Dithmenos.
  2810 | D:3      | Found a radiant altar of Vehumet.
  2812 | D:3      | Found a glowing silver altar of Zin.
  2812 | D:3      | Found a shadowy altar of Dithmenos.
  2812 | D:3      | Found a bloodstained altar of Trog.
  2885 | D:3      | Found a shattered altar of Ashenzari.
  2966 | D:3      | Found a shadowy altar of Dithmenos.
  3160 | D:4      | Reached skill level 7 in Axes
  3600 | D:4      | Gained mutation: You regenerate health from kills. [demonic ancestry]
  3600 | D:4      | Reached XP level 7. HP: 30/52 MP: 7/7
  4154 | D:4      | Found a glowing silver altar of Zin.
  4283 | D:4      | Reached skill level 8 in Axes
  4336 | D:4      | Noticed a two-headed ogre
  4345 | D:4      | Killed a two-headed ogre
  4345 | D:4      | Reached skill level 9 in Axes
  4345 | D:4      | Reached XP level 8. HP: 25/58 MP: 8/8
  4696 | D:5      | Entered Level 5 of the Dungeon
  4712 | D:5      | Reached skill level 10 in Axes
  4867 | D:5      | Reached **** piety under Trog
  4886 | D:5      | Noticed Eustachio
  4908 | D:5      | Killed Eustachio
  5579 | D:6      | Received a gift from Trog
  5620 | D:6      | Noticed Grinder
  5626 | D:6      | Reached skill level 11 in Axes
  5626 | D:6      | Gained mutation: You have hoof-like feet. [demonic ancestry]
  5626 | D:6      | Reached XP level 9. HP: 45/63 MP: 9/9
  5642 | D:6      | Killed Grinder
  5922 | D:6      | Noticed Pikel
  5943 | D:6      | Killed Pikel
  6166 | D:6      | Noticed Blork the orc
  6185 | D:6      | Killed Blork the orc
  6185 | D:6      | Reached skill level 12 in Axes
  6351 | D:6      | Received a gift from Trog
  7069 | D:6      | Got a polished chain mail
  7080 | D:6      | Identified the cursed +0 chain mail "Ohof" {+Fly rPois rCorr Str-4} (You found it on level 6 of the Dungeon)
  7163 | D:6      | Slain by an orc warrior

Vault maps used:
D:1:      dpeg_arrival_rooms_with_view
D:2:      chequers_ecumenical_altar_island, minmay_goblin_outpost, uniq_natasha,
          uniq_sigmund
D:3:      lemuel_crystal_altar, chequers_temple_overflow_statue_of_worship,
          lemuel_doored_altar, doesnt_xom_only_xom, marbit_many_paths
D:4:      zin_statuary, grunt_decor_arrowhead
D:5:      first_bread, uniq_eustachio
D:6:      minmay_goblin_kobold_castle, basic_altar, trog_butcher_becter,
          uniq_pikel, uniq_grinder, uniq_blork_the_orc

Skill      XL: |  1  2  3  4  5  6  7  8  9 |
---------------+----------------------------+-----
Axes           | 3 4 6 7 9 11 12 | 12.6
Fighting       | |  3.0
Armour         | |  1.7
Dodging        | |  1.7

Action                   |  1- 3 |  4- 6 |  7- 9 || total
-------------------------+-------+-------+-------++-------
Melee: Hand axe          |   144 |   171 |   412 ||   727
       Kick              |    21 |    43 |   109 ||   173
Invok: Berserk           |     1 |     3 |     9 ||    13
       Trog's Hand       |       |       |     1 ||     1
Evoke: Wand              |       |       |     5 ||     5
  Use: Scroll            |     3 |     2 |     4 ||     9
 Stab: Sleeping          |     1 |       |     2 ||     3
       Paralysed         |       |       |     2 ||     2
       Distracted        |       |       |     1 ||     1
  Eat: Chunk             |     2 |     9 |     6 ||    17
       Meat ration       |       |       |     1 ||     1
       Bread ration      |       |       |     2 ||     2
       Fruit             |       |       |     1 ||     1
Armor: Animal skin       |    28 |       |       ||    28
       Ring mail         |    23 |    34 |    99 ||   156
       Chain mail        |       |       |    19 ||    19
Dodge: Dodged            |   117 |    88 |   164 ||   369
